TOP OF THE 1ST |
Amarillo Archdukes batting - Pitching for Indiana Hounds : RHP Alex Stanford
|
Pitching: RHP Alex Stanford
|
|
Batting: LHB John Frost
|
0-0: Foul Ball, location: 2F 0-1: Ball 1-1: Swinging Strike 1-2: Foul Ball, location: 2F 1-2: Strikes out swinging
|
Batting: RHB Norm Francis
|
0-0: Ball 1-0: Fly out, F8 (Flyball, 8LS)
|
Batting: LHB Michael Cook
|
0-0: Ball 1-0: Swinging Strike 1-1: Foul Ball, location: 2F 1-2: Foul Ball, location: 2F 1-2: Foul Ball, location: 2F 1-2: Ball 2-2: Foul Ball, location: 2F 2-2: Foul Ball, location: 2F 2-2: Ground out 4-3 (Groundball, 4)
|
Top of the 1st over - 0 run(s), 0 hit(s), 0 error(s), 0 left on base; Amarillo 0 - Indiana 0 |
BOTTOM OF THE 1ST |
Indiana Hounds batting - Pitching for Amarillo Archdukes : RHP Tsugahara Suzuki
|
Pitching: RHP Tsugahara Suzuki
|
|
Batting: RHB Javier Martínez
|
0-0: Ground out 5-3 (Groundball, 5)
|
Batting: RHB Doug Murray
|
0-0: Called Strike 0-1: Swinging Strike 0-2: Fly out, F2 (Popup, 13)
|
Batting: LHB Denny Poole
|
0-0: Foul Ball, location: 2F 0-1: Ball 1-1: Foul Ball, location: 2F 1-2: Ball 2-2: Foul Ball, location: 2F 2-2: Foul Ball, location: 2F 2-2: Fly out, F8 (Line Drive, 8LD)
|
Bottom of the 1st over - 0 run(s), 0 hit(s), 0 error(s), 0 left on base; Amarillo 0 - Indiana 0 |
TOP OF THE 2ND |
Amarillo Archdukes batting - Pitching for Indiana Hounds : RHP Alex Stanford
|
Batting: LHB Ron Crawford
|
0-0: Called Strike 0-1: Ball 1-1: Ball 2-1: Ball 3-1: Base on Balls
|
Batting: LHB Howard Lambert
|
0-0: Ball 1-0: Swinging Strike 1-1: Foul Ball, location: 2F 1-2: Foul Ball, location: 2F 1-2: Ball 2-2: Foul Ball, location: 2F 2-2: SINGLE (Groundball, 4MD) Ron Crawford to second
|
Batting: LHB Pedro Díaz
|
0-0: Ball 1-0: Grounds into double play, 4-6-3 (Groundball, 4) Ron Crawford to third
|
Batting: RHB Esteban Lara
|
0-0: Ball 1-0: Ball 2-0: Ball 3-0: Base on Balls
|
Batting: RHB Herb Bunch
|
0-0: Foul Ball, location: 2F 0-1: Ball 1-1: Ball 2-1: Ball 3-1: Swinging Strike 3-2: Foul Ball, location: 2F 3-2: SINGLE (Line Drive, 6D) Ron Crawford scores Esteban Lara to second Esteban Lara to third
|
Batting: RHB Juan Barrera
|
0-0: Ball 1-0: Ball 2-0: Ball 3-0: DOUBLE (Line Drive, 8LD) Esteban Lara scores Herb Bunch to third Runner from 3rd tries for Home, SAFE, no throw
|
Batting: LHB John Frost
|
0-0: Foul Ball, location: 2F 0-1: Ground out U3 (Groundball, 3L)
|
Top of the 2nd over - 3 run(s), 3 hit(s), 0 error(s), 1 left on base; Amarillo 3 - Indiana 0 |
BOTTOM OF THE 2ND |
Indiana Hounds batting - Pitching for Amarillo Archdukes : RHP Tsugahara Suzuki
|
Batting: RHB Octávio Marín
|
0-0: Swinging Strike 0-1: Foul Ball, location: 2F 0-2: Foul Ball, location: 2F 0-2: Ball 1-2: Strikes out looking
|
Batting: LHB Dave Watson
|
0-0: Ball 1-0: SOLO HOME RUN (Flyball, 89XD), Distance : 384 ft
|
Batting: LHB Dave Helásquez
|
0-0: Ball 1-0: Ball 2-0: Swinging Strike 2-1: Ball 3-1: Foul Ball, location: 2F 3-2: Base on Balls
|
Batting: RHB Francisco Tañón
|
0-0: Ball 1-0: Ball 2-0: Ball 3-0: Called Strike 3-1: Base on Balls Dave Helásquez to second
|
Batting: RHB Carlos Moya
|
0-0: Foul Ball, location: 2F 0-1: Ball 1-1: Ball 2-1: Foul Ball, location: 2F 2-2: Ball 3-2: Strikes out swinging
|
Batting: LHB Tim Bruce
|
0-0: Ball 1-0: Foul Ball, location: 2F 1-1: Fielders Choice at 2nd, 5-4 (Groundball, 56)
|
Bottom of the 2nd over - 1 run(s), 1 hit(s), 0 error(s), 1 left on base; Amarillo 3 - Indiana 1 |
TOP OF THE 3RD |
Amarillo Archdukes batting - Pitching for Indiana Hounds : RHP Alex Stanford
|
Batting: RHB Norm Francis
|
0-0: Ball 1-0: Ground out 6-3 (Groundball, 6)
|
Batting: LHB Michael Cook
|
0-0: Swinging Strike 0-1: Fly out, F9 (Flyball, 9)
|
Batting: LHB Ron Crawford
|
0-0: Ball 1-0: Foul Ball, location: 2F 1-1: Ball 2-1: Fly out, F8 (Flyball, 8LM)
|
Top of the 3rd over - 0 run(s), 0 hit(s), 0 error(s), 0 left on base; Amarillo 3 - Indiana 1 |
BOTTOM OF THE 3RD |
Indiana Hounds batting - Pitching for Amarillo Archdukes : RHP Tsugahara Suzuki
|
Batting: RHB Javier Martínez
|
0-0: Foul Ball, location: 2F 0-1: Ground out 5-3 (Groundball, 5S)
|
Batting: RHB Doug Murray
|
0-0: Called Strike 0-1: Ball 1-1: Foul Ball, location: 2F 1-2: Strikes out swinging
|
Batting: LHB Denny Poole
|
0-0: Ball 1-0: Called Strike 1-1: Swinging Strike 1-2: Ball 2-2: Ball 3-2: SINGLE (Line Drive, 34)
|
Batting: RHB Octávio Marín
|
0-0: Called Strike 0-1: Swinging Strike 0-2: Ball 1-2: Ball 2-2: Fly out, F9 (Flyball, 9)
|
Bottom of the 3rd over - 0 run(s), 1 hit(s), 0 error(s), 1 left on base; Amarillo 3 - Indiana 1 |
TOP OF THE 4TH |
Amarillo Archdukes batting - Pitching for Indiana Hounds : RHP Alex Stanford
|
Batting: LHB Howard Lambert
|
0-0: SINGLE (Line Drive, 56)
|
Batting: LHB Pedro Díaz
|
0-0: Ball 1-0: Reached on error, E1 (Groundball, P) Howard Lambert to second
|
Batting: RHB Esteban Lara
|
0-0: Ball 1-0: Fielders Choice at 2nd, 5-4 (Groundball, 56) Howard Lambert to third
|
Batting: RHB Herb Bunch
|
0-0: Swinging Strike 0-1: Foul Ball, location: 2F 0-2: Strikes out swinging
|
Batting: RHB Juan Barrera
|
0-0: Ball 1-0: Called Strike 1-1: Ball 2-1: Fielders Choice at 2nd, 4-6 (Groundball, 4)
|
Top of the 4th over - 0 run(s), 1 hit(s), 1 error(s), 1 left on base; Amarillo 3 - Indiana 1 |
BOTTOM OF THE 4TH |
Indiana Hounds batting - Pitching for Amarillo Archdukes : RHP Tsugahara Suzuki
|
Batting: LHB Dave Watson
|
0-0: Ball 1-0: Foul Ball, location: 2F 1-1: Ball 2-1: Foul Ball, location: 2F 2-2: Strikes out swinging
|
Batting: LHB Dave Helásquez
|
0-0: Called Strike 0-1: SINGLE (Groundball, 4MD)
|
Batting: RHB Francisco Tañón
|
0-0: Ball 1-0: Ball 2-0: Foul Ball, location: 2F 2-1: Foul Ball, location: 2F 2-2: Fly out, F8 (Flyball, 8LS)
|
Batting: RHB Carlos Moya
|
0-0: Called Strike 0-1: Foul Ball, location: 2F 0-2: Ball 1-2: Strikes out swinging
|
Bottom of the 4th over - 0 run(s), 1 hit(s), 0 error(s), 1 left on base; Amarillo 3 - Indiana 1 |
TOP OF THE 5TH |
Amarillo Archdukes batting - Pitching for Indiana Hounds : RHP Alex Stanford
|
Batting: LHB John Frost
|
0-0: Fly out, F4 (Line Drive, 34)
|
Batting: RHB Norm Francis
|
0-0: Called Strike 0-1: Ground out 6-3 (Groundball, 6)
|
Batting: LHB Michael Cook
|
0-0: Ball 1-0: Ball 2-0: Foul Ball, location: 2F 2-1: Swinging Strike 2-2: Foul Ball, location: 2F 2-2: Ball 3-2: DOUBLE (Flyball, 8LXD)
|
Batting: LHB Ron Crawford
|
0-0: Ball 1-0: Foul Ball, location: 2F 1-1: Fly out, F8 (Line Drive, 8LM)
|
Top of the 5th over - 0 run(s), 1 hit(s), 0 error(s), 1 left on base; Amarillo 3 - Indiana 1 |
BOTTOM OF THE 5TH |
Indiana Hounds batting - Pitching for Amarillo Archdukes : RHP Tsugahara Suzuki
|
Batting: LHB Tim Bruce
|
0-0: Foul Ball, location: 2F 0-1: Foul Ball, location: 2F 0-2: Ball 1-2: Ball 2-2: Foul Ball, location: 2F 2-2: Ball 3-2: Strikes out swinging
|
Batting: RHB Javier Martínez
|
0-0: Called Strike 0-1: Ball 1-1: SINGLE (Flyball, 8RS)
|
Batting: RHB Doug Murray
|
0-0: Called Strike 0-1: 2-RUN HOME RUN (Flyball, 7LD), Distance : 335 ft
|
Batting: LHB Denny Poole
|
0-0: Called Strike 0-1: DOUBLE (Line Drive, 5D)
|
Batting: RHB Octávio Marín
|
0-0: Called Strike 0-1: Foul Ball, location: 2F 0-2: Fly out, F6 (Line Drive, 6M)
|
Batting: LHB Dave Watson
|
0-0: Ball 1-0: Foul Ball, location: 2F 1-1: Swinging Strike 1-2: SINGLE (Groundball, 6D) Denny Poole to third Runner from 3rd tries for Home, SAFE, no throw
|
Batting: LHB Dave Helásquez
|
0-0: Ball 1-0: Called Strike 1-1: Ball 2-1: Fielders Choice at 2nd, 4-6 (Groundball, 4)
|
Bottom of the 5th over - 3 run(s), 4 hit(s), 0 error(s), 0 left on base; Amarillo 3 - Indiana 4 |
TOP OF THE 6TH |
Amarillo Archdukes batting - Pitching for Indiana Hounds : RHP Alex Stanford
|
Batting: LHB Howard Lambert
|
0-0: Foul Ball, location: 2F 0-1: Swinging Strike 0-2: Foul Ball, location: 2F 0-2: Ball 1-2: Ball 2-2: Foul Ball, location: 2F 2-2: Ball 3-2: Foul Ball, location: 2F 3-2: SINGLE (Groundball, 4MD)
|
Batting: LHB Pedro Díaz
|
0-0: Ball Howard Lambert steals 2nd base 1-0: DOUBLE (Flyball, 7LM) Howard Lambert scores
|
Pinch Runner at 2nd José Ruíz:
|
|
Batting: RHB Esteban Lara
|
0-0: Fly out, F5 (Popup, 56)
|
Batting: RHB Herb Bunch
|
0-0: Called Strike 0-1: Ball 1-1: Ball José Ruíz steals 3rd base 2-1: Ball 3-1: Base on Balls
|
Batting: RHB Juan Barrera
|
0-0: Ball 1-0: Ball 2-0: Ball 3-0: Called Strike 3-1: DOUBLE (Line Drive, 8RXD) José Ruíz scores Herb Bunch to third
|
Pitching: RHP François Boudreault
|
|
Batting: LHB John Frost
|
0-0: Ball 1-0: Ground out 5-3 (Groundball, 25)
|
Batting: RHB Norm Francis
|
0-0: Ball 1-0: Ball 2-0: SINGLE (Groundball, 34) (infield hit) Herb Bunch scores Juan Barrera to third
|
Batting: LHB Michael Cook
|
0-0: Called Strike 0-1: Ball 1-1: Fly out, F7 (Flyball, 78S)
|
Top of the 6th over - 3 run(s), 4 hit(s), 0 error(s), 2 left on base; Amarillo 6 - Indiana 4 |
BOTTOM OF THE 6TH |
Indiana Hounds batting - Pitching for Amarillo Archdukes : RHP Tsugahara Suzuki
|
Now at 2B: José Ruíz
|
|
Batting: RHB Francisco Tañón
|
0-0: SINGLE (Groundball, 34D)
|
Batting: RHB Carlos Moya
|
0-0: Ball 1-0: Fly out, F7 (Flyball, 78S)
|
Batting: LHB Tim Bruce
|
0-0: Foul Ball, location: 2F 0-1: Fly out, F4 (Popup, 4MD)
|
Pitching: RHP José Abacil
|
|
Batting: RHB Javier Martínez
|
0-0: SINGLE (Groundball, 34D) Francisco Tañón to second Runner from 2nd tries for 3rd, SAFE, throw made to third
|
Batting: RHB Doug Murray
|
0-0: Ball 1-0: Ball 2-0: Ball 3-0: Called Strike 3-1: Fly out, F8 (Flyball, 8RS)
|
Bottom of the 6th over - 0 run(s), 2 hit(s), 0 error(s), 2 left on base; Amarillo 6 - Indiana 4 |
TOP OF THE 7TH |
Amarillo Archdukes batting - Pitching for Indiana Hounds : RHP François Boudreault
|
Batting: LHB Ron Crawford
|
0-0: Ball 1-0: Called Strike 1-1: Swinging Strike 1-2: Ground out 6-3 (Groundball, 6M)
|
Batting: LHB Howard Lambert
|
0-0: Ball 1-0: Ball 2-0: Ball 3-0: Base on Balls
|
Batting: RHB José Ruíz
|
0-0: Foul Ball, location: 2F 0-1: Called Strike 0-2: Ball 1-2: SINGLE (Groundball, 3L) (infield hit) Howard Lambert to second
|
Batting: RHB Esteban Lara
|
0-0: Called Strike 0-1: Ball 1-1: Ball 2-1: Reached on error, E5 (Groundball, 56S) Howard Lambert scores José Ruíz to third
|
Batting: RHB Herb Bunch
|
0-0: Called Strike 0-1: Foul Ball, location: 2F 0-2: Foul Ball, location: 2F 0-2: Strikes out swinging
|
Batting: RHB Juan Barrera
|
0-0: Called Strike 0-1: Fly out, F9 (Flyball, 9D)
|
Top of the 7th over - 1 run(s), 1 hit(s), 1 error(s), 2 left on base; Amarillo 7 - Indiana 4 |
BOTTOM OF THE 7TH |
Indiana Hounds batting - Pitching for Amarillo Archdukes : RHP José Abacil
|
Batting: LHB Denny Poole
|
0-0: Ball 1-0: Ball 2-0: Ball 3-0: Called Strike 3-1: Fly out, F8 (Flyball, 8LS)
|
Batting: RHB Octávio Marín
|
0-0: Foul Ball, location: 2F 0-1: Ball 1-1: Ball 2-1: Swinging Strike 2-2: Strikes out swinging
|
Batting: LHB Dave Watson
|
0-0: Ball 1-0: Swinging Strike 1-1: Called Strike 1-2: Fly out, F4 (Line Drive, 4)
|
Bottom of the 7th over - 0 run(s), 0 hit(s), 0 error(s), 0 left on base; Amarillo 7 - Indiana 4 |
TOP OF THE 8TH |
Amarillo Archdukes batting - Pitching for Indiana Hounds : RHP François Boudreault
|
Batting: LHB John Frost
|
0-0: Ball 1-0: Ball 2-0: Foul Ball, location: 2F 2-1: SINGLE (Groundball, 25) (infield hit)
|
Batting: RHB Norm Francis
|
0-0: Ball 1-0: Called Strike 1-1: Ball 2-1: Foul Ball, location: 2F 2-2: Grounds into double play, 1-6-3 (Groundball, 13)
|
Batting: LHB Michael Cook
|
0-0: Foul Ball, location: 2F 0-1: Foul Ball, location: 2F 0-2: Ground out 4-3 (Groundball, 4)
|
Top of the 8th over - 0 run(s), 1 hit(s), 0 error(s), 0 left on base; Amarillo 7 - Indiana 4 |
BOTTOM OF THE 8TH |
Indiana Hounds batting - Pitching for Amarillo Archdukes : RHP José Abacil
|
Batting: LHB Dave Helásquez
|
0-0: Ball 1-0: Ball 2-0: Called Strike 2-1: Ball 3-1: Foul Ball, location: 2F 3-2: Base on Balls
|
Pitching: RHP Brian Hull
|
|
Batting: RHB Francisco Tañón
|
0-0: Ball 1-0: Called Strike 1-1: Called Strike 1-2: Ball 2-2: Foul Ball, location: 2F 2-2: Ball 3-2: SINGLE (Groundball, 4MS) (infield hit) Dave Helásquez to second
|
Batting: RHB Carlos Moya
|
0-0: Ball 1-0: Fly out, F8 (Flyball, 8LD)
|
Pitching: LHP Charlie Conner
|
|
Batting: LHB Tim Bruce
|
0-0: Swinging Strike 0-1: Foul Ball, location: 2F 0-2: Strikes out looking
|
Pitching: RHP Frederick Kern
|
|
Batting: RHB Javier Martínez
|
0-0: Fielders Choice at 2nd, 6-4 (Groundball, 6)
|
Bottom of the 8th over - 0 run(s), 1 hit(s), 0 error(s), 1 left on base; Amarillo 7 - Indiana 4 |
TOP OF THE 9TH |
Amarillo Archdukes batting - Pitching for Indiana Hounds : RHP François Boudreault
|
Batting: LHB Ron Crawford
|
0-0: SINGLE (Line Drive, 3D)
|
Batting: LHB Howard Lambert
|
0-0: Foul Ball, location: 2F 0-1: Ball 1-1: Ball 2-1: Ball 3-1: Called Strike 3-2: Foul Ball, location: 2F 3-2: Strikes out swinging
|
Pitching: RHP Rob Fields
|
|
Batting: RHB José Ruíz
|
0-0: Ball 1-0: Ball Throwing error on steal attempt, E2 Ron Crawford to third 2-0: Foul Ball, location: 2F 2-1: Ball 3-1: Swinging Strike 3-2: Foul Ball, location: 2F 3-2: Strikes out swinging
|
Batting: RHB Esteban Lara
|
0-0: Ball 1-0: Called Strike 1-1: Foul Ball, location: 2F 1-2: Ball 2-2: 2-RUN HOME RUN (Flyball, 7LD), Distance : 318 ft
|
Batting: RHB Herb Bunch
|
0-0: Ball 1-0: Ball 2-0: Foul Ball, location: 2F 2-1: Ball 3-1: Fly out, F1 (Line Drive, 15S)
|
Top of the 9th over - 2 run(s), 2 hit(s), 1 error(s), 0 left on base; Amarillo 9 - Indiana 4 |
BOTTOM OF THE 9TH |
Indiana Hounds batting - Pitching for Amarillo Archdukes : RHP Frederick Kern
|
Batting: RHB Doug Murray
|
0-0: Ground out 5-3 (Groundball, 56)
|
Batting: LHB Denny Poole
|
0-0: Foul Ball, location: 2F 0-1: Swinging Strike 0-2: Ball 1-2: Ball 2-2: Strikes out swinging
|
Batting: RHB Octávio Marín
|
0-0: Called Strike 0-1: Swinging Strike 0-2: Ball 1-2: Ball 2-2: Ball 3-2: Strikes out swinging
|
Bottom of the 9th over - 0 run(s), 0 hit(s), 0 error(s), 0 left on base; Amarillo 9 - Indiana 4 |
|